 Dungeon Crawl Stone Soup version 0.18.1-48-g4cf74bf (webtiles) character file.

150655 rockintein the Executioner (level 16, 0/155 HPs)
             Began as a Minotaur Berserker on July 18, 2016.
             Was the Champion of Trog.
             Slain by a shambling mangrove (26 damage)
             ... on level 4 of the Swamp.
             The game lasted 01:09:02 (33730 turns).

rockintein the Executioner (Minotaur Berserker)    Turns: 33730, Time: 01:09:03

Health: 0/155      AC: 25    Str: 31    XL:     16   Next: 99%
Magic:  15/15      EV:  1    Int:  4    God:    Trog [******]
Gold:   2694       SH: 22    Dex: 11    Spells: 0 memorised, 15 levels left

rFire  + . .     SeeInvis .     r - +0 broad axe (flame)
rCold  . . .     Gourm    .     x - +0 plate armour
rNeg   . . .     Faith    .     s - +0 shield {reflect}
rPois  .         Spirit   .     (helmet restricted)
rElec  .         Dismiss  .     P - +1 cloak
rCorr  .         Reflect  +     y - +1 pair of gloves
SustAt .         Harm     .     i - +2 pair of boots {run}
MR     +++..                    m - brooch of Shielding {Reflect SH+8}
Stlth  ..........               E - +5 ring of strength
                                T - ring of protection from fire

@: grasped by roots, very slightly contaminated, regenerating, slow, extremely
resistant to hostile enchantments, extremely unstealthy
A: retaliatory headbutt, horns 2, weak 1
a: Berserk, Trog's Hand, Brothers in Arms, Burn Spellbooks, Renounce Religion


You were on level 4 of the Swamp.
You worshipped Trog.
Trog was exalted by your worship.
You were hungry.

You visited 5 branches of the dungeon, and saw 30 of its levels.
You also visited: Labyrinth and Volcano.

You collected 2946 gold pieces.
You spent 252 gold pieces at shops.

Inventory:

Hand Weapons
 r - a +0 broad axe of flaming (weapon)
 O - the +6 broad axe of the Crypt {freeze, MP+9 Dex+5 SInv}
   (You bought it in a shop on level 1 of the Orcish Mines)

   It has been specially enchanted to freeze those struck by it, causing extra
   injury to most foes and up to half again as much damage against particularly
   susceptible opponents.
   It can also slow down cold-blooded creatures.
   It affects your dexterity (+5).
   It affects your magic capacity (+9).
   It lets you see invisible.
Armour
 i - a +2 pair of boots of running (worn)
 o - a swamp dragon hide
 s - a +0 shield of reflection (worn)
 x - a +0 plate armour (worn)
 y - a +1 pair of gloves (worn)
 P - a +1 cloak (worn)
Jewellery
 m - the brooch of Shielding (around neck) {Reflect SH+8}
   (You found it in a labyrinth)

   [amulet of reflection]

   It shields you and reflects attacks.
   It affects your SH (+8).
 u - an uncursed ring of protection from fire
 E - a +5 ring of strength (right hand)
 T - a ring of protection from fire (left hand)
Wands
 q - a wand of digging (14/24)
Scrolls
 b - 4 scrolls of magic mapping
 f - 2 scrolls of fog
 g - 6 scrolls of remove curse
 h - 3 scrolls of fear
 k - 5 scrolls of identify
 l - a scroll of teleportation
 t - a scroll of enchant weapon
Potions
 d - 7 potions of curing
 e - 3 potions of might
 j - a potion of brilliance
 n - 3 potions of magic
 p - 2 potions of flight
 A - 6 potions of haste
 C - 2 potions of heal wounds
 H - 3 potions of resistance
 K - a potion of cancellation
Books
 v - a book of Necromancy

   Spells                             Type                      Level
   a - Pain                           Necromancy                   1
   b - Animate Skeleton               Necromancy                   1
   c - Vampiric Draining              Necromancy                   3
   d - Regeneration                   Charms/Necromancy            3
   e - Animate Dead                   Necromancy                   4
   f - Control Undead                 Necromancy                   4
   Trog disapproves of the use of such an item.
Comestibles
 a - 3 meat rations
 c - 9 bread rations
 w - 2 fruits


   Skills:
 + Level 17.5 Fighting
 * Level 23.1 Axes
 + Level 14.5 Armour
 - Level 2.1 Dodging
 + Level 13.5 Shields


You had 15 spell levels left.
You didn't know any spells.

Dungeon Overview and Level Annotations

Branches:
Dungeon (15/15)            Temple (1/1) D:6            Lair (8/8) D:11
  Swamp (4/4) Lair:4        Snake (0/4) Lair:6        Slime (0/6) Lair:7
    Orc (2/2) D:10            Elf (0/3) Orc:2        Vaults (0/5) D:14
 Depths (0/5) D:15

Altars:
Dithmenos
Elyvilon
Fedhas
Gozag
Kikubaaqudgha
Pakellas
Qazlal
Sif Muna
Trog
Vehumet
Xom
Zin
The Shining One
Beogh

Shops:
D:8 }   D:9 %   Orc:1 (   Orc:2 }!(!

Portals:
Pandemonium: Orc:2

Annotations:
Lair:6 exclusion: oklob plant
Lair:7 exclusion: 2 oklob plants
Orc:2 asdu's ghost, journeyman DDBe


Innate Abilities, Weirdness & Mutations

You reflexively headbutt those who attack you in melee.
You have a pair of horns on your head.
You are weak. (Str -2)


Message History

The swamp dragon breathes poison at you.
The lindwurm is engulfed in poison gas.
The lindwurm is poisoned.
The lindwurm bites you!
* * * LOW HITPOINT WARNING * * *
You block the lindwurm's attack.
The lindwurm claws you but does no damage.
Read which item? (? for menu, Esc to quit)
As you read the scroll of fear, it crumbles to dust.
You assume a fearsome visage.
The fire dragon looks frightened!
The lindwurm looks frightened!
The steam dragon looks frightened!
The swamp dragon looks frightened!
The shambling mangrove is unaffected.
The ground creaks as gnarled roots bulge its surface.
Your skin crawls.
You feel resistant to hostile enchantments.
You feel slightly more hungry.
You enter the shallow water.
Moving in this stuff is going to be slow.
There is a stone staircase leading up here.
The shambling mangrove hits you!!
You die...

♣♣ ♣. ♣♣♣♣♣ ♣♣♣♣♣ ♣
≈≈≈≈≈♣♣♣♣≈.≈♣♣ ♣
≈≈≈≈≈.≈.<≈≈≈.♣ ♣♣
≈≈≈≈≈≈≈≈.≈≈≈≈♣ ♣.
.≈...≈≈.....♣♣♣ ♣♣♣
.≈♣♣♣...♣♣.≈..♣♣♣♣♣♣♣
♣♣≈♣
♣♣♣♣♣.@≈...≈≈♣≈≈♣♣
♣≈.. ♣♣.≈f≈......≈≈≈♣
♣♣.. ♣.≈≈≈≈≈..≈♣.≈≈.♣
♣♣♣ ♣.≈≈≈≈≈≈≈≈..≈..♣
♣
♣§.≈≈≈≈≈≈≈≈≈≈≈≈≈♣♣..
♣♣.≈≈≈≈≈≈≈≈≈≈≈≈≈..≈≈
♣
♣♣.≈≈≈≈≈≈≈k≈≈≈≈≈.≈≈≈
♣
♣≈≈§≈≈≈≈≈≈≈.≈≈≈..≈≈.
♣
♣.≈≈≈...≈≈≈≈♣..≈♣♣..
♣


You could see a shambling mangrove and a lindwurm.

Vanquished Creatures
  Jorgrun (Swamp:3)
  Rupert (D:15)
  Frances (Swamp:2)
  3 thorn hunters
  Donald (Swamp:2)
  A deep elf sorcerer (D:13)
  The ghost of PeterLawrence the Warrior, a journeyman MiFi of Okawaru (Orc:2)
  The ghost of Inkary the Fighter, a journeyman MiFi of Okawaru (Lair:8)
  The ghost of asdu the Bludgeoner, a journeyman OgBe of Trog (D:12)
  Josephine (Lair:4)
  A minotaur (Lab)
  17 hydras
  3 catoblepae (Lair:8)
  5 centaur warriors
  2 death knights
  7 alligators
  A vampire mage (D:13)
  A tengu warrior (D:15)
  16 death yaks (Lair:8)
  5 orc high priests (Orc:2)
  Urug (Lair:2)
  3 wizards
  A sea snake (shapeshifter) (D:14)
  7 swamp dragons
  3 gelid demonspawn (Orc:2)
  2 shambling mangroves (Swamp:3)
  3 hill giants
  A necromancer (D:15)
  An oklob plant (D:6)
  6 orc knights
  11 orc sorcerers
  2 hornets
  5 ugly things (D:15)
  8 deep elf magi
  A griffon (Lair:6)
  4 cyclopes
  A manticore (shapeshifter) (D:15)
  A shining eye (shapeshifter) (D:15)
  A sixfirhy (Orc:2)
  9 black mambas
  4 centaur zombies
  12 elephants
  22 spiny frogs
  A torpor snail (Lair:6)
  7 centaur skeletons
  6 naga magi (D:13)
  2 orange demons (Orc:2)
  3 rime drakes
  3 kobold demonologists
  9 komodo dragons
  A yaktaur (shapeshifter) (D:14)
  2 ice devils (Orc:2)
  The ghost of junkhipster the Covered, a novice GrFi (D:6)
  A komodo dragon (shapeshifter) (D:14)
  A rime drake (shapeshifter) (D:14)
  5 trolls
  A tengu conjurer (D:14)
  3 giant leeches
  A harpy skeleton (D:15)
  2 polar bears (Lair:6)
  3 bog bodies
  6 slime creatures
  A wolf spider simulacrum (D:15)
  5 two-headed ogres
  16 blink frogs
  5 spriggans (Swamp:3)
  3 shadows
  8 wraiths
  4 basilisks
  A centaur simulacrum (D:15)
  A hog (Volcano)
  A wyvern (D:15)
  4 fire bats
  52 yaks
  A hungry ghost (D:8)
  A neqoxec (Orc:2)
  2 steam dragons
  7 wargs
  5 hippogriffs
  12 insubstantial wisps (Swamp:3)
  10 vampire mosquitoes
  2 nagas (Lair:6)
  17 swamp worms
  A mottled dragon (D:15)
  A harpy simulacrum (D:15)
  12 water moccasins
  12 porcupines
  A hell hound (Volcano)
  31 orc warriors
  3 swamp drakes
  2 sky beasts
  3 black bears
  4 ice beasts
  17 wasps
  A phantom (D:11)
  The ghost of Situis the Charmwright, an amateur DgSk (D:3)
  An eye of draining (D:13)
  6 ogres
  3 wolves (Lair:2)
  13 centaurs
  18 crocodiles
  4 big kobolds
  24 giant frogs
  3 wyvern skeletons
  A scorpion (Lair:2)
  7 killer bees (D:12)
  12 wights
  4 howler monkeys
  4 electric eels
  4 crimson imps
  2 giant frog zombies
  3 jellies
  23 orc priests
  A wasp zombie (D:10)
  3 giant frog skeletons
  3 hounds
  2 quasits
  Crazy Yiuf (D:2)
  A gnoll shaman (D:7)
  22 orc wizards
  6 iguanas
  Ijyb (D:2)
  Natasha (thrice) (D:2)
  5 hell rats (Lair:6)
  14 worker ants
  9 sheep
  A worker ant zombie (D:11)
  9 adders
  8 gnolls
  2 howler monkey skeletons
  77 river rats
  2 shadow imps
  3 oozes
  An adder skeleton (D:1)
  7 worms
  9 dart slugs
  6 giant geckos
  74 orcs
  7 bats
  3 giant cockroaches
  4 goblins
  4 hobgoblins
  9 jackals
  17 kobolds
  6 quokkas
  A giant gecko zombie (D:6)
  4 giant newts
  5 rats
  5 briar patches (Swamp:4)
  6 fungi
  18 plants
975 creatures vanquished.

Vanquished Creatures (others)
  Nessos (Lair:7)
  A centaur warrior (D:13)
  A swamp dragon (Swamp:4)
  A cyclops (D:15)
  A steam dragon (Swamp:4)
  A vampire mosquito (Swamp:4)
  A mottled dragon (Swamp:4)
  4 swamp drakes (Swamp:4)
  A centaur (D:15)
  A briar patch (Swamp:4)
  12 fungi
  16 plants
41 creatures vanquished.

Grand Total: 1016 creatures vanquished

Notes
Turn   | Place    | Note
--------------------------------------------------------------
     0 | D:1      | rockintein the Minotaur Berserker began the quest for the Orb.
     0 | D:1      | Reached XP level 1. HP: 19/19 MP: 0/0
   131 | D:1      | Reached skill level 4 in Axes
   307 | D:1      | Reached XP level 2. HP: 20/27 MP: 1/1
   846 | D:1      | Reached XP level 3. HP: 33/33 MP: 2/2
  1040 | D:2      | Noticed Natasha
  1041 | D:2      | Killed Natasha
  1052 | D:2      | Noticed Natasha
  1057 | D:2      | Killed Natasha
  1057 | D:2      | Reached skill level 5 in Axes
  1057 | D:2      | Reached XP level 4. HP: 33/40 MP: 3/3
  1079 | D:2      | Reached ** piety under Trog
  1389 | D:2      | Noticed Ijyb
  1398 | D:2      | Killed Ijyb
  1738 | D:2      | Reached XP level 5. HP: 47/47 MP: 4/4
  1739 | D:2      | Noticed Natasha
  1745 | D:2      | Killed Natasha
  1935 | D:2      | Noticed Crazy Yiuf
  1940 | D:2      | Killed Crazy Yiuf
  1940 | D:2      | Reached skill level 5 in Fighting
  2041 | D:3      | Reached skill level 6 in Axes
  2388 | D:3      | Noticed Situis's ghost (amateur DgSk)
  2404 | D:3      | Killed Situis's ghost
  2404 | D:3      | Reached XP level 6. HP: 56/56 MP: 5/5
  2857 | D:3      | Reached *** piety under Trog
  3169 | D:4      | Reached skill level 5 in Armour
  3182 | D:4      | Reached skill level 7 in Axes
  3251 | D:4      | Reached XP level 7. HP: 62/62 MP: 6/6
  3619 | D:4      | Found a radiant altar of Vehumet.
  3619 | D:4      | Found a shimmering altar of Xom.
  3620 | D:4      | Found a white marble altar of Elyvilon.
  3752 | D:5      | Entered Level 5 of the Dungeon
  4082 | D:5      | Reached skill level 8 in Axes
  4391 | D:5      | Found a deep blue altar of Sif Muna.
  4394 | D:5      | Found a glowing golden altar of the Shining One.
  4397 | D:5      | Found a blossoming altar of Fedhas.
  4601 | D:6      | Reached XP level 8. HP: 52/71 MP: 7/7
  4835 | D:6      | Found a staircase to the Ecumenical Temple.
  4870 | D:6      | Noticed junkhipster's ghost (novice GrFi)
  4892 | Temple   | Entered the Ecumenical Temple
  4927 | D:6      | Killed junkhipster's ghost
  4927 | D:6      | Reached skill level 9 in Axes
  5272 | D:6      | Reached skill level 10 in Axes
  5565 | D:6      | Found a bloodstained altar of Trog.
  5565 | D:6      | Noticed an oklob plant
  6012 | D:6      | Killed an oklob plant
  6012 | D:6      | Reached XP level 9. HP: 9/82 MP: 8/8
  6462 | D:7      | Reached skill level 11 in Axes
  7059 | D:7      | Reached **** piety under Trog
  7548 | D:8      | Reached skill level 12 in Axes
  7798 | D:8      | Found Huka's Gadget Shop.
  8267 | D:9      | Reached XP level 10. HP: 91/91 MP: 9/9
  8348 | D:9      | Found an oddly glowing altar of Pakellas.
  8359 | D:9      | Found Rownip Xuqo's Food Emporium.
  8455 | D:9      | Found a shadowy altar of Dithmenos.
  8632 | D:10     | Entered Level 10 of the Dungeon
  8632 | D:10     | Found a staircase to the Orcish Mines.
  8654 | D:10     | Reached skill level 10 in Fighting
  8654 | D:10     | Reached skill level 13 in Axes
  8829 | D:10     | Received a gift from Trog
  8991 | D:10     | Reached skill level 10 in Armour
  9398 | D:11     | Noticed a six-headed hydra
  9406 | D:11     | Killed a 12-headed hydra
  9415 | D:11     | Reached skill level 14 in Axes
  9427 | D:11     | Noticed an elephant
  9515 | D:11     | Killed an elephant
  9515 | D:11     | Reached XP level 11. HP: 81/101 MP: 10/10
  9673 | D:11     | Got a slimy flail
  9706 | D:11     | Found a staircase to the Lair.
  9737 | D:11     | Reached ***** piety under Trog
 10240 | D:11     | Received a gift from Trog
 10705 | D:11     | Noticed a hill giant
 10709 | D:11     | Killed a hill giant
 10839 | D:11     | Identified the +9 flail of the Messenger {crush, *Noise rPois Stlth+} (You found it on level 11 of the Dungeon)
 11109 | D:12     | Noticed asdu's ghost (journeyman OgBe)
 11121 | D:12     | Killed asdu's ghost
 11121 | D:12     | Reached skill level 15 in Axes
 11233 | D:12     | Noticed a centaur warrior
 11244 | D:12     | Killed a centaur warrior
 11248 | D:12     | Noticed a hill giant
 11248 | D:12     | Noticed a death knight
 11759 | D:12     | Killed a hill giant
 11924 | D:12     | Got a brightly glowing steel ring
 11979 | D:12     | Killed a death knight
 12115 | D:12     | Identified the ring "Tobotwou" {Fire *Corrode MR- MP+9 Dex+8} (You took it off an orc on level 12 of the Dungeon)
 12232 | D:12     | Noticed a hill giant
 12243 | D:12     | Killed a hill giant
 12243 | D:12     | Reached XP level 12. HP: 84/112 MP: 11/11
 12598 | Temple   | Identified a +1 rod of shadows (15/15) (You found it on level 9 of the Dungeon)
 12809 | Lair:1   | Entered Level 1 of the Lair of Beasts
 12895 | Lair:1   | Reached skill level 16 in Axes
 12919 | Lair:1   | Found a labyrinth entrance.
 12928 | Lab      | Entered a labyrinth
 13503 | Lab      | Noticed a minotaur
 13506 | Lab      | Killed a minotaur
 13530 | Lab      | Identified Yddoynt's Tome of Changing and Talismans
 13530 | Lab      | Identified the Incunabulum of the Armadillo
 13551 | Lab      | Got a brightly glowing spear
 13554 | Lair:1   | Identified the +5 spear of Revolt {speed, Str+6} (You found it in a labyrinth)
 13804 | Lair:1   | Reached skill level 1 in Shields
 13813 | Lair:1   | Noticed a six-headed hydra
 13822 | Lair:1   | Killed an 11-headed hydra
 15246 | Lair:2   | Noticed Urug
 15255 | Lair:2   | Killed Urug
 15614 | Lair:3   | Reached skill level 17 in Axes
 16462 | Lair:4   | Noticed a six-headed hydra
 16471 | Lair:4   | Killed a two-headed hydra
 16471 | Lair:4   | Reached XP level 13. HP: 87/122 MP: 12/12
 16613 | Lair:4   | Noticed Josephine
 16624 | Lair:4   | Killed Josephine
 16716 | Lair:4   | Reached skill level 5 in Shields
 16763 | Lair:4   | Found a staircase to the Swamp.
 17569 | Lair:5   | You fall through a shaft for 2 floors!
 18057 | Lair:5   | Reached skill level 18 in Axes
 18268 | Lair:5   | Found a glowing silver altar of Zin.
 19078 | Lair:6   | Received a gift from Trog
 19315 | Lair:6   | Found a staircase to the Snake Pit.
 20476 | Lair:7   | Found a staircase to the Slime Pits.
 20918 | Lair:7   | Noticed Nessos
 20928 | Lair:7   | Killed Nessos
 20928 | Lair:7   | Reached skill level 19 in Axes
 20928 | Lair:7   | Reached XP level 14. HP: 91/132 MP: 13/13
 20932 | Lair:7   | Received a gift from Trog
 21570 | Lair:8   | Entered Level 8 of the Lair of Beasts
 21676 | Lair:8   | Noticed Inkary's ghost (journeyman MiFi)
 21699 | Lair:8   | Killed Inkary's ghost
 22488 | Lair:8   | Received a gift from Trog
 22523 | Lair:8   | Reached skill level 15 in Fighting
 22527 | Lair:8   | Reached skill level 20 in Axes
 22868 | Lair:8   | Reached skill level 10 in Shields
 24059 | D:13     | Reached ****** piety under Trog
 24401 | D:13     | Identified the Tome of Poisonous Orientation
 24425 | D:13     | Found a deep blue altar of Sif Muna.
 24431 | D:13     | Reached XP level 15. HP: 141/141 MP: 14/14
 24432 | D:13     | Paralysed by an orc sorcerer for 6 turns
 24535 | D:13     | Noticed a deep elf sorcerer
 24540 | D:13     | Killed a deep elf sorcerer
 24635 | D:13     | Identified the Guide on the Vitriolic Escort
 24646 | D:13     | Identified the Reference Book on Talismans and the Mountains
 24759 | D:13     | Identified the Disquisition on Hurtful Displacement
 24863 | D:13     | Identified a +3 rod of shadows (11/11) (You found it on level 13 of the Dungeon)
 24864 | D:13     | Identified a +0 rod of inaccuracy (9/9) (You found it on level 13 of the Dungeon)
 24998 | D:14     | Received a gift from Trog
 25073 | D:14     | Found a gate to the Vaults.
 25255 | D:14     | Found an opulent altar of Gozag.
 25434 | D:14     | Reached skill level 21 in Axes
 25527 | D:15     | Entered Level 15 of the Dungeon
 25930 | D:15     | Found a staircase to the Depths.
 25969 | D:15     | Noticed Rupert
 25982 | D:15     | Killed Rupert
 26186 | D:15     | Received a gift from Trog
 26935 | Orc:1    | Entered Level 1 of the Orcish Mines
 26961 | Orc:1    | Found Waurph's Antique Weapon Shoppe.
 26964 | Orc:1    | Bought a crude broad axe for 252 gold pieces
 26964 | Orc:1    | Identified the +6 broad axe of the Crypt {freeze, MP+9 Dex+5 SInv} (You bought it in a shop on level 1 of the Orcish Mines)
 27081 | Orc:2    | Entered Level 2 of the Orcish Mines
 27151 | Orc:2    | Found a dark tunnel.
 27165 | Volcano  | Entered a volcano
 27367 | Orc:2    | Found a staircase to the Elven Halls.
 27610 | Orc:2    | Found Icoroj's Distillery.
 27615 | Orc:2    | Found Zis Argh's Distillery.
 27639 | Orc:2    | Noticed PeterLawrence's ghost (journeyman MiFi)
 27675 | Orc:2    | Killed PeterLawrence's ghost
 28082 | Orc:2    | Received a gift from Trog
 28365 | Orc:2    | Gained mutation: You are weak. (Str -2) [a neqoxec]
 28387 | Orc:2    | Reached skill level 22 in Axes
 28388 | Orc:2    | Reached XP level 16. HP: 126/152 MP: 15/15
 28476 | Orc:2    | Found Tuyputoi's Gadget Emporium.
 28476 | Orc:2    | Found Zeujaen's Antique Weapon Shoppe.
 28476 | Orc:2    | Found a one-way gate leading to the halls of Pandemonium.
 28913 | Orc:1    | Found a roughly hewn altar of Beogh.
 29063 | Orc:2    | Noticed asdu's ghost (journeyman DDBe)
 29072 | Orc:2    | Found a roughly hewn altar of Beogh.
 29623 | Swamp:1  | Entered Level 1 of the Swamp
 29660 | Swamp:1  | Got a slimy great mace
 30175 | Swamp:1  | Received a gift from Trog
 31120 | Swamp:2  | Noticed Frances
 31141 | Swamp:2  | Killed Frances
 31152 | Swamp:2  | Identified a scroll of acquirement
 31164 | Swamp:2  | Identified a +2 pair of boots of running (You acquired it on level 2 of the Swamp)
 31748 | Swamp:2  | Noticed Donald
 31757 | Swamp:2  | Killed Donald
 32265 | Swamp:3  | Noticed a thorn hunter
 32286 | Swamp:3  | Killed a thorn hunter
 32666 | Swamp:3  | Noticed Jorgrun
 32682 | Swamp:3  | Received a gift from Trog
 32693 | Swamp:3  | Killed Jorgrun
 33039 | Swamp:4  | Entered Level 4 of the Swamp
 33148 | Swamp:4  | Noticed a thorn hunter
 33400 | Swamp:4  | Noticed a thorn hunter
 33412 | Swamp:4  | Killed a thorn hunter
 33412 | Swamp:4  | Reached skill level 23 in Axes
 33666 | Swamp:4  | Killed a thorn hunter
 33705 | Swamp:4  | HP: 3/155 [shambling mangrove (19)]
 33730 | Swamp:4  | Slain by a shambling mangrove

Skill      XL: |  1  2  3  4  5  6  7  8  9 10 11 12 13 14 15 16 |
---------------+-------------------------------------------------+-----
Axes           | 4 5 6 7 8 10 12 14 15 17 19 20 22 23 | 23.1
Armour         | 3 4 5 6 7 9 10 12 13 14 | 14.5
Fighting       | 4 5 6 8 9 10 12 13 14 15 16 17 | 17.5
Shields        | 4 7 10 12 13 | 13.5
Dodging        | |  2.1

Action                   |  1- 3 |  4- 6 |  7- 9 | 10-12 | 13-15 | 16-18 || total
-------------------------+-------+-------+-------+-------+-------+-------++-------
Melee: Hand axe          |    56 |   146 |       |       |       |       ||   202
       Headbutt          |     8 |    34 |    35 |   103 |   287 |   126 ||   593
       War axe           |       |    16 |    62 |     5 |   840 |    15 ||   938
       Battleaxe         |       |       |   192 |   480 |    89 |       ||   761
       Broad axe         |       |       |       |       |   126 |   437 ||   563
Invok: Berserk           |       |     4 |     4 |     6 |     3 |     4 ||    21
       Trog's Hand       |       |     5 |     6 |     4 |     7 |     8 ||    30
Evoke: Wand              |       |       |       |       |       |     2 ||     2
  Use: Scroll            |       |       |    23 |     6 |    11 |     9 ||    49
       Potion            |       |       |       |     3 |       |     4 ||     7
 Stab: Sleeping          |     1 |     1 |       |       |       |       ||     2
  Eat: Chunk             |       |    12 |    17 |    29 |    35 |    16 ||   109
       Bread ration      |       |       |     1 |       |       |     1 ||     2
       Pizza             |       |       |     1 |       |       |       ||     1
       Fruit             |       |       |       |     4 |     2 |     2 ||     8
       Meat ration       |       |       |       |       |     1 |       ||     1
       Beef jerky        |       |       |       |       |     1 |       ||     1
Armor: Animal skin       |    13 |     5 |       |       |       |       ||    18
       Chain mail        |       |    53 |    29 |       |       |       ||    82
       Plate armour      |       |       |   144 |   238 |   279 |   167 ||   828
Dodge: Dodged            |    36 |    75 |   142 |   291 |   137 |    78 ||   759
Block: Large shield      |       |       |       |       |   802 |   254 ||  1056
       Reflection        |       |       |       |       |    38 |     2 ||    40
       Shield            |       |       |       |       |       |   229 ||   229
